 Dungeon Crawl Stone Soup version 0.28-a0-1382-g92835e5c71 (webtiles) character file.

Game seed: 1328635610113661237

14241 lessens the Brawler (level 11, -3/110 HPs)
             Began as a Troll Venom Mage on Jan 2, 2022.
             Was a Priest of Okawaru.
             Slain by an unseen horror (shapeshifter) (9 damage)
             ... on level 10 of the Dungeon.
             The game lasted 00:17:14 (10621 turns).

lessens the Brawler (Troll Venom Mage)             Turns: 10621, Time: 00:17:15

Health: -3/110     AC:  6    Str: 20    XL:     11   Next: 86%
Magic:  9/11       EV: 12    Int: 11    God:    Okawaru [***...]
Gold:   790        SH:  0    Dex: 12    Spells: 11/12 levels left

rFire   . . .      SeeInvis .     - Unarmed
rCold   . . .      Faith    .   (no shield)
rNeg    . . .      Spirit   .   D - +2 robe
rPois   +          Reflect  .   (helmet restricted)
rElec   .          Harm     .   (no cloak)
rCorr   .          Rampage  .   (gloves unavailable)
Will    .....                   (boots unavailable)
Stlth   +++.......              (no amulet)
HPRegen 1.08/turn               C - ring of poison resistance
MPRegen 0.12/turn               (no ring)

@: heroic, marked, invisible
A: large, unfitting armour, claws 3, regeneration 1, shaggy fur 1, tough skin 1
a: Renounce Religion, Heroism


You were on level 10 of the Dungeon.
You worshipped Okawaru.
Okawaru was most pleased with you.
You visited 2 branches of the dungeon, and saw 11 of its levels.
You also visited: Bailey.

You collected 790 gold pieces.

Inventory:

Missiles
 b - 280 stones
 c - 6 javelins
 k - 41 poisoned darts (quivered)
 m - 3 silver boomerangs
 t - 6 boomerangs
 A - 4 silver javelins
Armour
 a - a +0 robe
 D - a +2 robe (worn)
Jewellery
 x - a ring of wizardry
 C - a ring of poison resistance (left claw)
Wands
 B - a wand of paralysis (5)
 E - a wand of iceblast (6)
Scrolls
 d - 7 scrolls of teleportation {unknown}
 e - 3 scrolls of fear {unknown}
 f - 4 scrolls of blinking {unknown}
 g - 10 scrolls of identify {unknown}
 h - a scroll of vulnerability {unknown}
 i - 2 scrolls of brand weapon {unknown}
 l - 3 scrolls of magic mapping {unknown}
 n - 4 scrolls of enchant weapon
 p - 2 scrolls of summoning
 r - a scroll of immolation {unknown}
 s - 3 scrolls of enchant armour
 u - a scroll of holy word {unknown}
 y - a scroll of noise {unknown}
 I - a scroll of acquirement
 J - a scroll of silence {unknown}
Potions
 j - a potion of attraction {unknown}
 q - a potion of curing {unknown}
 v - 2 potions of flight {unknown}
 w - 6 potions of magic {unknown}
 z - 4 potions of might {unknown}
 F - a potion of resistance {unknown}
 G - a potion of cancellation {unknown}
 H - 4 potions of haste {unknown}
 K - a potion of lignification


   Skills:
 + Level 7.7(12.7) Fighting
 - Level 1.5(6.5) Dodging
 - Level 1.0(6.0) Stealth
 * Level 16.6(21.6) Unarmed Combat
 - Level 1.2 Spellcasting
 - Level 0.6 Transmutations
 - Level 2.1 Poison Magic


You had 11 spell levels left.
You knew the following spells:

 Your Spells              Type           Power      Damage    Failure   Level
a - Sting                 Tmut/Pois      12%        1d3       19%         1

Your spell library contained the following spells:

 Spells                   Type           Power      Damage    Failure   Level
 Poisonous Vapours        Pois/Air       6%         N/A       30%         2
 Ignite Poison            Fire/Tmut/Pois 2%         N/A       54%         3
 Mephitic Cloud           Conj/Pois/Air  2%         N/A       56%         3
 Olgreb's Toxic Radiance  Pois           5%         N/A       77%         4
 Airstrike                Air            0%         N/A       97%         4
 Passage of Golubria      Tloc           0%         N/A       97%         4
 Blade Hands              Tmut           1%         N/A       100%        5
 Freezing Cloud           Conj/Ice/Air   0%         6-21      100%        5
 Lightning Bolt           Conj/Air       0%         1d11      100%        5
 Yara's Violent Unravell  Hex/Tmut       0%         3d3       100%        5
 Iron Shot                Conj/Erth      0%         9d1       100%        6
 Tukima's Dance           Hex            Unusable   N/A       N/A         3
 Animate Armour           Summ/Erth      Unusable   N/A       N/A         4
 Summon Lightning Spire   Summ/Air       Unusable   N/A       N/A         4

Dungeon Overview and Level Annotations

Branches:
Dungeon (10/15)            Temple (1/1) D:7            Lair (0/6) D:8
    Orc (0/2) D:9          Bailey (visited)

Altars:
Ashenzari
Cheibriados
Elyvilon
Fedhas
Gozag
Kikubaaqudgha
Makhleb
Nemelex Xobeh
Okawaru
Qazlal
Sif Muna
Uskayaw
Vehumet
Wu Jian
Xom
Zin

Annotations:
D:8 exclusion: deep elf zephyrmancer


Innate Abilities, Weirdness & Mutations

You are too large for most types of armour.
You have claws for hands.
Your natural rate of healing is unusually fast.
You are covered in fur. (AC +1)
You have tough skin. (AC +1)


Message History

You closely miss the vampire mosquito. You claw the vampire mosquito.
The vampire mosquito is severely damaged.
The vampire mosquito bites you.
The vampire mosquito draws strength from your injuries!
Something hits you. The vampire mosquito bites you!
The vampire mosquito draws strength from your injuries!
You miss something. Something hits you. x2
The vampire mosquito closely misses you.
You miss something.
Something hits you! x2; The vampire mosquito bites you.
The vampire mosquito draws strength from your injuries!
Something hits you.
You closely miss something. You claw something!
Something hits you but does no damage.
The vampire mosquito bites you but does no damage.
Something hits you.
The vampire mosquito closely misses you.
You claw something! Your claw misses something. Something hits you!
* * * LOW HITPOINT WARNING * * *
The vampire mosquito bites you.
* * * LOW HITPOINT WARNING * * *
The vampire mosquito draws strength from your injuries!
Something hits you.
* * * LOW HITPOINT WARNING * * *
Okay, then.
You gain the combat prowess of a mighty hero.
Something hits you.
* * * LOW HITPOINT WARNING * * *
The vampire mosquito bites you!
* * * LOW HITPOINT WARNING * * *
The vampire mosquito draws strength from your injuries!
Something hits you.
* * * LOW HITPOINT WARNING * * *
The vampire mosquito bites you but does no damage.
Something hits you but does no damage.
Okay, then.
You fade into invisibility!
Something hits you but does no damage.
The vampire mosquito closely misses you.
Something hits you but does no damage. Something hits you!
You die...

...##.........#.............. #
............................ ...
##..........#.............
$....###........####.....#......
#.....#>.###..........<...[##
......#####.#######..###.######
....................## #.
.###.........##{###.# #.
#........##@# .. #........##y#
.# #........##YY #.
...........Y.# #. ..............
........##..... ..##.. .. ...


You could see 3 yaks and a vampire mosquito.

Vanquished Creatures
  2 two-headed ogres
  The ghost of r3xj the Basher, a novice MiBe of Trog (D:8)
  A flayed ghost (D:8)
  3 orc knights (Bailey)
  A troll (D:10)
  Prince Ribbit (D:7)
  Sigmund (D:2)
  6 wraiths
  A shadow (D:9)
  9 wyverns
  8 yaks
  2 fire bats (D:8)
  A vampire mosquito (D:10)
  4 water moccasins
  A hornet zombie (D:8)
  An ice beast (D:4)
  11 orc warriors
  3 ogres
  5 sky beasts
  A black bear (D:7)
  2 centaurs
  2 phantoms
  3 kobold brigands
  3 bullfrogs
  A gnoll sergeant (D:9)
  A wyvern zombie (D:8)
  5 scorpions
  2 water moccasin zombies
  3 water moccasin skeletons (D:7)
  7 killer bees
  7 wights
  4 howler monkeys
  4 centaur zombies
  A bullfrog skeleton (D:5)
  3 hounds
  7 orc priests
  A jelly (D:4)
  A centaur skeleton (D:5)
  2 gnoll shamans
  6 iguanas
  10 orc wizards
  A killer bee zombie (D:7)
  A howler monkey zombie (D:10)
  17 gnolls
  7 adders
  A shadow imp (D:5)
  2 ufetubi
  A dart slug (D:4)
  83 orcs
  10 bats
  3 endoplasms
  5 giant cockroaches
  7 goblins
  12 hobgoblins
  A quokka (D:2)
  7 ball pythons
  A frilled lizard (D:2)
  11 kobolds
  3 rats
311 creatures vanquished.

Vanquished Creatures (others)
  6 fungi (D:8)
  16 plants (D:8)
22 creatures vanquished.

Grand Total: 333 creatures vanquished

Notes
Turn   | Place    | Note
-------+----------+-------------------------------------------
     0 | D:1      | lessens the Troll Venom Mage began the quest for the Orb.
     0 | D:1      | Reached XP level 1. HP: 16/16 MP: 1/1
    56 | D:1      | Reached skill level 1 in Unarmed Combat
   193 | D:1      | Reached XP level 2. HP: 24/24 MP: 2/2
   400 | D:1      | Reached skill level 2 in Unarmed Combat
   832 | D:2      | Reached XP level 3. HP: 28/31 MP: 3/3
   836 | D:2      | Reached skill level 3 in Unarmed Combat
   868 | D:2      | Reached XP level 4. HP: 32/39 MP: 4/4
  1308 | D:2      | Reached skill level 4 in Unarmed Combat
  1357 | D:2      | Noticed Sigmund
  1374 | D:2      | Killed Sigmund
  1375 | D:2      | Reached skill level 5 in Unarmed Combat
  1375 | D:2      | Reached XP level 5. HP: 40/45 MP: 5/5
  1591 | D:3      | Noticed an ogre
  1591 | D:3      | Noticed a sky beast
  1607 | D:3      | Killed an ogre
  1608 | D:3      | Reached skill level 6 in Unarmed Combat
  1608 | D:3      | Reached XP level 6. HP: 34/53 MP: 6/6
  1666 | D:3      | Killed a sky beast
  2242 | D:4      | Reached skill level 7 in Unarmed Combat
  2331 | D:4      | Noticed an ice beast
  2574 | D:4      | Reached XP level 7. HP: 38/59 MP: 7/7
  3089 | D:4      | Reached skill level 8 in Unarmed Combat
  3171 | D:5      | Entered Level 5 of the Dungeon
  3280 | D:5      | Reached skill level 9 in Unarmed Combat
  3390 | D:5      | Reached XP level 8. HP: 26/67 MP: 8/8
  3561 | D:5      | Reached skill level 10 in Unarmed Combat
  3570 | D:5      | Reached skill level 11 in Unarmed Combat
  3581 | D:5      | Reached skill level 1 in Fighting
  3687 | D:5      | Reached XP level 9. HP: 73/76 MP: 9/9
  4246 | D:6      | Reached skill level 12 in Unarmed Combat
  4522 | D:6      | Found a sparkling altar of Nemelex Xobeh.
  5208 | D:7      | Noticed Prince Ribbit
  5221 | D:7      | Killed Prince Ribbit
  5609 | D:7      | Reached skill level 13 in Unarmed Combat
  5825 | D:7      | Identified the +0 robe of the Sturgeon {rC+}
  5916 | D:7      | Reached XP level 10. HP: 61/93 MP: 10/10
  6688 | D:8      | Noticed a deep elf zephyrmancer
  6752 | D:8      | Found a staircase to the Lair.
  6753 | D:8      | Noticed a two-headed ogre
  6777 | D:7      | Reached skill level 5 in Fighting
  6788 | D:7      | Reached skill level 14 in Unarmed Combat
  6956 | D:8      | Killed a two-headed ogre
  7046 | D:8      | Found a glowing silver altar of Zin.
  7072 | D:8      | Found an ornate altar of the Wu Jian Council.
  7101 | D:8      | Found a shimmering altar of Xom.
  7123 | D:8      | Found a runed translucent door.
  7125 | D:8      | Found an opulent altar of Gozag.
  7135 | D:8      | Found a broken altar of Ashenzari.
  7139 | D:8      | Noticed a flayed ghost
  7255 | D:8      | Found a blossoming altar of Fedhas.
  7305 | D:8      | Noticed r3xj's ghost (novice MiBe)
  7323 | D:8      | Found a runed translucent gate.
  7323 | D:8      | Found a runed translucent gate.
  7323 | D:8      | Found a runed translucent gate.
  7371 | D:8      | Reached skill level 15 in Unarmed Combat
  7423 | D:7      | Found a staircase to the Ecumenical Temple.
  7439 | D:7      | Reached XP level 11. HP: 104/105 MP: 11/11
  7449 | Temple   | Entered the Ecumenical Temple
  7477 | Temple   | Became a worshipper of Warmaster Okawaru
  7803 | D:8      | Killed a flayed ghost
  7906 | D:8      | Identified the +1 robe "Onanapn" {Str-4 Dex+7}
  8431 | D:8      | Killed r3xj's ghost
  8431 | D:8      | Reached * piety under Okawaru
  8600 | D:9      | Found a flagged portal.
  8609 | Bailey   | Entered a bailey
  8813 | Bailey   | Noticed an orc knight
  8814 | Bailey   | Noticed an orc knight
  8916 | Bailey   | Killed an orc knight
  8931 | Bailey   | Killed an orc knight
  9044 | Bailey   | Noticed an orc knight
  9072 | Bailey   | Killed an orc knight
  9072 | Bailey   | Reached ** piety under Okawaru
  9215 | Bailey   | Reached skill level 16 in Unarmed Combat
  9348 | D:9      | Noticed a two-headed ogre
  9357 | D:9      | Killed a two-headed ogre
  9650 | D:9      | Reached *** piety under Okawaru
  9679 | D:9      | Found a staircase to the Orcish Mines.
 10467 | D:10     | Entered Level 10 of the Dungeon
 10620 | D:10     | HP: 5/110 [something (1)]
 10621 | D:10     | Slain by an unseen horror (shapeshifter)

Illustrated notes

Levels and vault maps discovered:
D:1:      dpeg_arrival_lava_temple_mockup, layout_basic
D:2:      layout_loops_cross, minmay_misc_feat_five, uniq_sigmund
D:3:      layout_basic
D:4:      layout_gridville
D:5:      layout_rooms
D:6:      corexii_shantytown, layout_basic, general_overflow_altar,
          kennysheep_generic_room_6
D:7:      minmay_razor_zed, layout_loops_cross, minmay_temple_entry_overgrown,
          wad_floor_pattern_untrapped, uniq_prince_ribbit1
D:8:      due_megacathedral, layout_basic, minmay_lair_entry_grove,
          gammafunk_ghost_split, guppyfry_early_elven_hall
D:9:      layout_loops_corners, hiddenorc2_lemuel, enter_bailey_2
D:10:     layout_rooms
Temple:   nicolae_temple_the_god_donut

Skill      XL: |  1  2  3  4  5  6  7  8  9 10 11 |
---------------+----------------------------------+-----
Unarmed Combat | 1 2 3 5 6 7 9 11 13 15 16 | 16.6
Fighting       | 1 4 6 7 |  7.7
Dodging        | |  1.5
Stealth        | |  1.0
Spellcasting   | |  1.2
Transmutations | |  0.6
Poison Magic   | |  2.1

Action                   |  1- 3 |  4- 6 |  7- 9 | 10-12 || total
-------------------------+-------+-------+-------+-------++-------
Melee: Unarmed           |    55 |    75 |   307 |   412 ||   849
       Punch             |       |     1 |     5 |    27 ||    33
Throw: Dart              |       |     5 |     4 |    21 ||    30
Invok: Heroism           |       |       |       |     3 ||     3
Evoke: Wand              |       |       |       |     4 ||     4
  Use: Potion            |       |     4 |       |     4 ||     8
 Stab: Sleeping          |     3 |     2 |     8 |     1 ||    14
       Paralysed         |       |       |       |     2 ||     2
Armor: Robe              |    13 |    14 |    69 |    92 ||   188
       Skin              |       |     1 |       |     5 ||     6
Dodge: Dodged            |    20 |    16 |   119 |   180 ||   335

Table legend: (Time is in decaauts)
 A = Elapsed time spent in this place.
 B = Non-inter-level travel time spent in this place.
 C = Inter-level travel time spent in this place.
 D = Time resting spent in this place.
 E = Time spent auto-exploring this place.
 F = Levels seen in this place.
 G = Mean time per level.
                   A        B        C        D        E       F      G
               +--------+--------+--------+--------+--------+-----+--------+
         Total |  10483 |   9560 |    923 |    358 |   6841 |  12 |  873.6 |
       Dungeon |   9841 |   8930 |    911 |    358 |   6505 |  10 |  984.1 |
        Temple |     40 |     28 |     12 |      0 |     18 |   1 |   40.0 |
        Bailey |    600 |    600 |      0 |      0 |    318 |   1 |  600.0 |
               +--------+--------+--------+--------+--------+-----+--------+

Top non-repeatable levels by time:
     D:8: 1796 daAuts
     D:9: 1252 daAuts
     D:7: 1242 daAuts
     D:4: 1120 daAuts
     D:6: 1078 daAuts
     D:5: 956 daAuts
     D:3: 767 daAuts
     D:2: 753 daAuts
     D:1: 725 daAuts
  Bailey: 600 daAuts
    D:10: 146 daAuts
  Temple: 40 daAuts
